 Dungeon Crawl Stone Soup version 0.19.0-19-g8c6edcc (webtiles) character file.

473 Monkfish the Covert (level 7, -2/41 HPs)
             Began as a Kobold Assassin on Nov 14, 2016.
             Was an Initiate of Dithmenos.
             Slain by an ogre
             ... wielding a +0 giant club
              (26 damage)
             ... on level 5 of the Dungeon.
             The game lasted 00:09:19 (4315 turns).

Monkfish the Covert (Kobold Assassin)               Turns: 4315, Time: 00:09:19

Health: -2/41      AC:  5    Str: 10    XL:     7   Next: 32%
Magic:  7/7        EV: 15    Int: 12    God:    Dithmenos [......]
Gold:   338        SH:  0    Dex: 17    Spells: 0 memorised, 6 levels left

rFire  . . .     SeeInvis .     n - +4 dagger (holy)
rCold  . . .     Gourm    .     i - +0 leather armour
rNeg   . . .     Faith    .     (shield restricted)
rPois  .         Spirit   .     (no helmet)
rElec  .         Reflect  .     d - +1 cloak
rCorr  .         Harm     .     (no gloves)
MR     .....                    (no boots)
Stlth  +++.......               (no amulet)
                                (no ring)
                                o - ring of loudness (curse)

@: no status effects
A: carnivore 3
a: Renounce Religion


You were on level 5 of the Dungeon.
You worshipped Dithmenos.
Dithmenos was noncommittal.
You were full.

You visited 1 branch of the dungeon, and saw 5 of its levels.

You collected 338 gold pieces.

Inventory:

Hand Weapons
 b - a +4 blowgun
 n - a +4 dagger of holy wrath (weapon)
Missiles
 e - 31 poisoned needles
Armour
 d - a +1 cloak (worn)
 i - a +0 leather armour (worn)
Jewellery
 o - a cursed ring of loudness (left hand)
Wands
 r - a wand of digging (13/24)
Scrolls
 a - a scroll of enchant armour
 c - 3 scrolls of teleportation
 l - 3 scrolls of identify
Comestibles
 g - 4 meat rations
 h - 2 beef jerkies
 p - 2 slices of pizza


   Skills:
 + Level 3.3 Fighting
 + Level 4.9 Short Blades
 + Level 4.3 Throwing
 + Level 2.8 Dodging
 * Level 8.1 Stealth


You had 6 spell levels left.
You didn't know any spells.

Dungeon Overview and Level Annotations

Branches:
Dungeon (5/15)             Temple (0/1) D:4

Altars:
Cheibriados
Dithmenos
Fedhas
Okawaru

Annotations:
D:5 Grinder


Innate Abilities, Weirdness & Mutations

You are small and have problems with some larger weapons.
You are carnivorous and can eat meat at any time.


Message History

You hit the ogre.
The ogre is lightly wounded.
The ogre hits you with a giant club.
You hit the ogre.
The ogre is lightly wounded.
You hit the ogre.
The ogre is lightly wounded.
The ogre hits you with a giant club!
You hit the ogre.
The ogre is moderately wounded.
You hit the ogre.
The ogre is moderately wounded.
The ogre misses you.
You hit the ogre.
The ogre is severely wounded.
You hit the ogre.
The ogre is severely wounded.
The ogre hits you with a giant club!!
Ouch! That really hurt!
You die...

.........#...#......#
#######..##.###..#..#
..$.##..##.##....#.#
#..............#.#
#####.#####....#..
#.# ##.#.##.# #.#
#.#.# .# ##########.#
.....[O@...#
############


You could see an ogre.

Vanquished Creatures
  The ghost of nikopol the Skirmisher, an amateur GrBe of Trog (D:3)
  2 bullfrog skeletons (D:4)
  A hound (D:4)
  An iguana (D:3)
  4 gnolls (D:4)
  7 adders
  4 oozes
  2 adder skeletons
  5 worms
  3 leopard geckos
  10 orcs
  7 ball pythons (D:3)
  8 bats
  4 giant cockroaches
  3 goblins
  8 hobgoblins
  9 jackals
  A quokka (D:3)
  2 frilled lizards (D:3)
  10 kobolds
  8 rats
100 creatures vanquished.

Notes
Turn   | Place    | Note
-------+----------+-------------------------------------------
     0 | D:1      | Monkfish the Kobold Assassin began the quest for the Orb.
     0 | D:1      | Reached XP level 1. HP: 12/12 MP: 1/1
   201 | D:1      | Reached XP level 2. HP: 14/17 MP: 2/2
   408 | D:1      | Reached skill level 6 in Stealth
   591 | D:1      | Reached XP level 3. HP: 21/21 MP: 3/3
  1051 | D:2      | Reached XP level 4. HP: 13/26 MP: 4/4
  1349 | D:2      | Reached skill level 7 in Stealth
  1448 | D:2      | Found a shadowy altar of Dithmenos.
  2082 | D:3      | Reached XP level 5. HP: 27/31 MP: 5/5
  2268 | D:3      | Noticed nikopol's ghost (amateur GrBe)
  2305 | D:3      | HP: 1/31 [nikopol's ghost (11)]
  2623 | D:3      | Killed nikopol's ghost
  2623 | D:3      | Reached XP level 6. HP: 19/36 MP: 6/6
  3047 | D:3      | Found a faded altar of an unknown god.
  3047 | D:3      | Found a faded altar of an unknown god.
  3053 | D:3      | Found a faded altar of an unknown god.
  3055 | D:3      | Found a blossoming altar of Fedhas.
  3057 | D:3      | Found a faded altar of an unknown god.
  3140 | D:2      | Became a worshipper of Dithmenos the Shadowed
  3459 | D:4      | Reached XP level 7. HP: 18/41 MP: 7/7
  3635 | D:4      | Found a snail-covered altar of Cheibriados.
  3662 | D:4      | Reached skill level 8 in Stealth
  3719 | D:4      | Found a staircase to the Ecumenical Temple.
  3941 | D:5      | Entered Level 5 of the Dungeon
  3941 | D:5      | Noticed Grinder
  3954 | D:5      | Paralysed by Grinder for 7 turns
  4229 | D:5      | Found an iron altar of Okawaru.
  4315 | D:5      | Slain by an ogre

Skill      XL: |  1  2  3  4  5  6  7 |
---------------+----------------------+-----
Short Blades   | 3 4 |  4.9
Stealth        | 6 7 8 |  8.1
Throwing       | 3 4 |  4.3
Dodging        | 2 |  2.8
Fighting       | 3 |  3.3

Action                   |  1- 3 |  4- 6 |  7- 9 || total
-------------------------+-------+-------+-------++-------
Melee: Dagger            |    98 |   158 |    46 ||   302
 Fire: Blowgun           |       |    79 |    21 ||   100
  Use: Scroll            |     4 |    11 |     8 ||    23
       Potion            |       |     3 |       ||     3
 Stab: Sleeping          |    11 |     5 |       ||    16
  Eat: Chunk             |     6 |     9 |     1 ||    16
Armor: Robe              |    18 |    19 |       ||    37
       Leather armour    |       |     9 |     8 ||    17
Dodge: Dodged            |    53 |   151 |    21 ||   225
